 Dungeon Crawl Stone Soup version 0.27.1-2-g3b301248ec (webtiles) character file.

Game seed: 12948967002904104565

262 TheGamechu the Chopper (level 6, -10/55 HPs)
             Began as a Hill Orc Fighter on Sept 27, 2021.
             Was a Follower of Beogh.
             Killed by nerve-wracking pain
             ... invoked by an orc priest
              (13 damage)
             ... on level 4 of the Dungeon.
             The game lasted 00:10:43 (3200 turns).

TheGamechu the Chopper (Hill Orc Fighter)           Turns: 3200, Time: 00:10:43

Health: -10/55     AC: 10    Str: 21    XL:     6   Next: 18%
Magic:  6/6        EV:  5    Int:  8    God:    Beogh [*.....]
Gold:   88         SH: 10    Dex: 10    Spells: 5/5 levels left

rFire    . . .     SeeInvis .   a - +0 war axe
rCold    . . .     Faith    .   c - +1 kite shield
rNeg     . . .     Spirit   .   l - +0 chain mail
rPois    .         Reflect  .   f - +0 helmet
rElec    .         Harm     .   (no cloak)
rCorr    .         Rampage  .   (no gloves)
Will     .....                  (no boots)
Stlth    ..........             (no amulet)
HPRegen  0.18/turn              (no ring)
MPRegen  0.10/turn              (no ring)

@: no status effects
A: no striking features
a: Renounce Religion


You were on level 4 of the Dungeon.
You worshipped Beogh.
Beogh was aware of your devotion.
You visited 1 branch of the dungeon, and saw 4 of its levels.

You collected 88 gold pieces.

Inventory:

Hand Weapons
 a - a +0 war axe (weapon)
Missiles
 b - 2 datura-tipped darts
 g - 202 stones
 q - 26 poisoned darts (quivered)
Armour
 c - a +1 kite shield (worn)
 f - a +0 helmet (worn)
 l - a +0 chain mail (worn)
Scrolls
 j - a scroll of enchant armour
 n - a scroll of noise {unknown}
Potions
 d - a potion of might
 e - a potion of degeneration {unknown}
 h - a potion of curing
 k - a potion of lignification
 m - a potion of flight {unknown}
 o - a potion of invisibility {unknown}


   Skills:
 + Level 4.9 Fighting
 * Level 5.6 Axes
 + Level 4.3 Armour
 + Level 4.4 Shields


You had 5 spell levels left.
You didn't know any spells.
Your spell library contained the following spells:

 Spells                   Type           Power      Damage    Failure   Level
 Magic Dart               Conj           0%         1d3       100%        1
 Call Imp                 Summ           0%         N/A       100%        2
 Mephitic Cloud           Conj/Pois/Air  0%         N/A       100%        3
 Borgnjor's Revivificati  Necr           0%         N/A       100%        8
 Necromutation            Tmut/Necr      0%         N/A       100%        8
 Death's Door             Necr           0%         N/A       100%        9


Dungeon Overview and Level Annotations

Branches:
Dungeon (4/15)
 Temple: D:4-7

Altars:


Message History

Beogh accepts your kill.
Reactivating autopickup.
You feel a bit more experienced.
The orc priest calls upon Beogh to heal the orc wizard.
The orc wizard is healed somewhat.
You have reached level 6!
Your experience leads to an increase in your attributes!
Increase (S)trength, (I)ntelligence, or (D)exterity?
You feel stronger.
Deactivating autopickup; reactivate with Ctrl-A.
You hit something but do no damage. You slash the orc wizard!
The orc wizard hits you with a +0 dagger.
Something hits you but does no damage.
The orc priest invokes the aid of Beogh against you.
Beogh smites you!
* * * LOW HITPOINT WARNING * * *
The orc wizard mumbles some strange words.
The orc wizard flickers and vanishes!
Something hits you but does no damage.
You closely miss something. You hit something. Beogh accepts your kill.
Reactivating autopickup.
You feel a bit more experienced. The orc priest barely misses you.
Something hits you.
* * * LOW HITPOINT WARNING * * *
Deactivating autopickup; reactivate with Ctrl-A.
There is an open door, spattered with blood here.
Things that are here:
a +0 short sword; a +0 chain mail You hit the orc priest.
The orc priest is moderately wounded.
You barely miss something.
The orc priest calls down the wrath of Beogh upon you.
Pain shoots through your body!
* * * LOW HITPOINT WARNING * * *
Something hits you.
* * * LOW HITPOINT WARNING * * *
The orc priest mumbles some strange prayers to Beogh against you.
Pain shoots through your body!
You die...
Beogh appreciates the orc priest's killing of a heretic priest.

#.# ## #.# #. #.#
######.########.#
#......#........#
#.(....#........########
#......#>..)....#......#
#......#{...............
#....(o@................
#......##########.......
#...... #.......##.
#...... #.......##.
####### #.......### #
#.......##. .#
#.......... .#
####....... #####.# ....


You could see an orc priest.

Vanquished Creatures
  An orc priest (D:4)
  An iguana (D:4)
  3 orc wizards
  3 adders
  An adder skeleton (D:4)
  2 worms
  3 dart slugs
  8 orcs
  9 ball pythons
  7 bats
  4 endoplasms
  9 giant cockroaches
  11 goblins
  3 hobgoblins
  2 quokkas
  A frilled lizard (D:1)
  7 kobolds
  5 rats
80 creatures vanquished.

Vanquished Creatures (others)
  A hobgoblin (D:3)
  4 plants (D:1)
5 creatures vanquished.

Grand Total: 85 creatures vanquished

Notes
Turn   | Place    | Note
-------+----------+-------------------------------------------
     0 | D:1      | TheGamechu the Hill Orc Fighter began the quest for the
                  | Orb.
     0 | D:1      | Reached XP level 1. HP: 19/19 MP: 1/1
   212 | D:1      | Reached skill level 3 in Axes
   215 | D:1      | Reached XP level 2. HP: 27/27 MP: 2/2
   593 | D:1      | Found a faded altar of an unknown god.
   677 | D:1      | Reached XP level 3. HP: 33/33 MP: 3/3
  1641 | D:2      | Reached skill level 4 in Axes
  1655 | D:2      | Reached XP level 4. HP: 39/40 MP: 4/4
  2069 | D:3      | Became a worshipper of Beogh the Brigand
  2158 | D:3      | Reached XP level 5. HP: 47/47 MP: 5/5
  3153 | D:4      | Reached skill level 5 in Axes
  3192 | D:4      | Reached * piety under Beogh
  3197 | D:4      | Reached XP level 6. HP: 32/55 MP: 6/6
  3200 | D:4      | Killed from afar by an orc priest

Illustrated notes

Levels and vault maps discovered:
D:1:      eino_arrival_tree_alley, layout_loops_cross,
          chequers_ecumenical_altar_grove
D:2:      layout_basic
D:3:      kennysheep_the_goblin_king, layout_loops_ring,
          hangedman_feature_mirror, minmay_unequal
D:4:      layout_basic, hangedman_decor_lopped, abandoned_shop, minivault_14,
          minmay_manual_macuahuitl

Skill      XL: |  1  2  3  4  5 |
---------------+----------------+-----
Axes           | 3 4 5 |  5.6
Fighting       | 4 |  4.9
Armour         | 4 |  4.3
Shields        | 4 |  4.4

Action                   |  1- 3 |  4- 6 || total
-------------------------+-------+-------++-------
Melee: War axe           |   102 |   100 ||   202
Throw: Stone             |     8 |    19 ||    27
       Dart              |       |     1 ||     1
Invok: Convert to Beogh  |       |     1 ||     1
  Use: Scroll            |       |     6 ||     6
       Potion            |       |     2 ||     2
Armor: Scale mail        |    37 |       ||    37
       Chain mail        |    21 |    61 ||    82
Dodge: Dodged            |    20 |    24 ||    44
Block: Kite shield       |    71 |    62 ||   133
